 Dungeon Crawl Stone Soup version 0.29-a0-321-gf1c400731a (webtiles) character file.

Game seed: 10916226947467575250

135 Murumi the Ducker (level 5, -4/40 HPs)
             Began as a Djinni Monk on Apr 5, 2022.
             Killed from afar by Sigmund (5 damage)
             ... with a magic dart
             ... on level 3 of the Dungeon.
             The game lasted 00:08:15 (2527 turns).

Murumi the Ducker (Djinni Monk)                     Turns: 2527, Time: 00:08:16

Health: -4/40      AC:  4    Str: 10    XL:     5   Next: 41%
Gold:   21         EV: 13    Int: 12    God:
                   SH:  0    Dex: 17

rFire   + + +      SeeInvis .   a - +0 falchion
rCold   x . .      Faith    .   (no shield)
rNeg    . . .      Spirit   .   d - +0 leather armour
rPois   ∞          Reflect  .   (no helmet)
rElec   .          Harm     .   j - +0 cloak
rCorr   .          Rampage  .   (no gloves)
Will    .....                   (boots unavailable)
Stlth   ++........              (no amulet)
HPRegen 0.13/turn               c - ring of protection from fire
MPRegen 0.00/turn               (no ring)

@: mighty, flying
A: sickness immunity, fire resistance 2, cold vulnerability 1, float, innate
caster, HP casting, extra vitality 1
a: no special abilities


You were on level 3 of the Dungeon.
You visited 1 branch of the dungeon, and saw 3 of its levels.

You collected 21 gold pieces.

Inventory:

Hand Weapons
 a - a +0 falchion (weapon)
 f - a +1 hunting sling
Armour
 d - a +0 leather armour (worn)
 j - a +0 cloak (worn)
Jewellery
 c - a ring of protection from fire (left hand)
Scrolls
 b - 2 scrolls of teleportation
 h - a scroll of fear
 i - a scroll of identify
Potions
 e - a potion of might


   Skills:
 - Level 3.0 Fighting
 - Level 3.0 Long Blades
 + Level 1.5 Slings
 - Level 3.0 Armour
 - Level 4.0 Dodging
 - Level 2.0 Stealth


You had one spell level left.
You knew the following spells:

 Your Spells              Type           Power      Damage    Failure   Level
a - Animate Skeleton      Necr           0%         N/A       41%         1
b - Ensorcelled Hibernat  Hex/Ice        0%         N/A       54%         2
Your spell library was empty.

Dungeon Overview and Level Annotations

Branches:
Dungeon (3/15)

Altars:

Shops:
D:1 :

Annotations:
D:3 Sigmund


Innate Abilities, Weirdness & Mutations

You are immune to sickness and miasma.
You are immune to poison.
Your flesh is very heat resistant. (rF++)
You are vulnerable to cold. (rC-)
You float through the air rather than walking.
You learn spells naturally, not from books.
Your magical power is your life essence.
You have superior vitality. (+4 MHP)


Message History

You hit something. Something barely misses you.
You bump into the rock wall.
You feel less confused. Something hits you. Something hits you.
You closely miss something. You hit something but do no damage.
Something hits you.
You barely miss something. Something barely misses you.
You completely miss something. Something hits you.
You feel very mighty all of a sudden.
You slash something!
You hear some strange, mumbled words.
You are confused.
Something hits you but does no damage.
You bump into the rock wall.
You miss something.
You feel better.
You hear some strange, mumbled words.
A puff of flame appears from out of thin air!
The puff of flame hits you. You resist.
You hit something. Something hits you.
You hit something.
You hear some strange, mumbled words.
A magic dart appears from out of thin air!
The magic dart hits you.
You miss something. Something hits you!
* * * LOW HITPOINT WARNING * * *
You slash something!
You hear some strange, mumbled words.
A magic dart appears from out of thin air!
The magic dart hits you.
* * * LOW HITPOINT WARNING * * *
Okay, then.
You closely miss something. Something hits you.
* * * LOW HITPOINT WARNING * * *
You closely miss something.
You hear some strange, mumbled words.
A magic dart appears from out of thin air!
The magic dart hits you.
You die...

*** *,,,,,,,,* **,,,,,** ##
,,* *,,**#,#.* **,,,** # *,*
*,,* #.#.* *#+#* *,*
*,,***.#.#* #.#
*,***,,*,,,...* ##.######
,,,,,,,*,#,#.{*
#.......#####
*,****,#.#.#..*
##...........# *,*
*,.......######.....##......
,,*
***,#.....{@.......#*#####.#
*** *,####.########..# #.#
*,* #.* ##.#######.#
*,***#.* #.........#
*,,,,..* ###########
*****##*


There were no monsters in sight!

Vanquished Creatures
  A scorpion (D:3)
  2 adders (D:2)
  3 worms (D:2)
  A dart slug (D:1)
  5 endoplasms
  3 giant cockroaches
  4 goblins (D:1)
  4 hobgoblins
  3 jackals (D:2)
  2 quokkas (D:1)
  4 ball pythons
  5 bats
  A frilled lizard (D:2)
  5 kobolds
  5 rats
48 creatures vanquished.

Notes
Turn   | Place    | Note
-------+----------+-------------------------------------------
     0 | D:1      | Murumi the Djinni Monk began the quest for the Orb.
     0 | D:1      | Reached XP level 1. HP: 20/20 MP: 0/0
   203 | D:1      | Reached XP level 2. HP: 9/25 MP: 0/0
   408 | D:1      | Found a faded altar of an unknown god.
   604 | D:1      | Found Obulem's Book Emporium.
   950 | D:1      | Reached XP level 3. HP: 16/30 MP: 0/0
   950 | D:1      | Learned a level 1 spell: Animate Skeleton
   952 | D:1      | Reached skill level 4 in Dodging
  1320 | D:2      | Reached skill level 1 in Armour
  1649 | D:2      | Reached XP level 4. HP: 31/35 MP: 0/0
  2262 | D:3      | Noticed a scorpion
  2283 | D:3      | Killed a scorpion
  2284 | D:3      | Reached skill level 1 in Slings
  2284 | D:3      | Reached XP level 5. HP: 13/40 MP: 0/0
  2284 | D:3      | Learned a level 2 spell: Ensorcelled Hibernation
  2498 | D:3      | Noticed Sigmund
  2526 | D:3      | HP: 1/40 [something (4)]
  2527 | D:3      | Killed from afar by Sigmund

Illustrated notes

Levels and vault maps discovered:
D:1:      shiori_shiawase, layout_basic, serial_rivers,
          chequers_serial_rivers_micro_d, chequers_serial_rivers_room_a,
          chequers_serial_rivers_small_b, chequers_serial_rivers_micro_e,
          serial_shops, nicolae_shop_waterfront,
          shapermc_ecumenical_altar_ellora
D:2:      layout_rooms
D:3:      layout_loops_corners, nrook_mini_backslash, uniq_sigmund

Skill      XL: |  1  2  3  4 |
---------------+-------------+-----
Long Blades    | 3 |  3.0
Stealth        | 2 |  2.0
Dodging        | 4 |  4.0
Armour         | 1 3 |  3.0
Slings         | 1 |  1.5
Fighting       | |  3.0

Action                   |  1- 3 |  4- 6 || total
-------------------------+-------+-------++-------
Melee: Falchion          |   103 |    71 ||   174
       Punch             |       |     1 ||     1
 Fire: Hunting sling     |     4 |    24 ||    28
  Use: Scroll            |     7 |     3 ||    10
       Potion            |       |     3 ||     3
 Stab: Sleeping          |     1 |     1 ||     2
Armor: Leather armour    |    22 |    27 ||    49
       Robe              |     1 |       ||     1
Dodge: Dodged            |    69 |    49 ||   118

Table legend: (Time is in decaauts)
 A = Elapsed time spent in this place.
 B = Non-inter-level travel time spent in this place.
 C = Inter-level travel time spent in this place.
 D = Time resting spent in this place.
 E = Time spent auto-exploring this place.
 F = Levels seen in this place.
 G = Mean time per level.
                   A        B        C        D        E       F      G
               +--------+--------+--------+--------+--------+-----+--------+
         Total |   2559 |   2409 |    150 |     78 |   1852 |   3 |  853.0 |
       Dungeon |   2559 |   2409 |    150 |     78 |   1852 |   3 |  853.0 |
               +--------+--------+--------+--------+--------+-----+--------+

Top non-repeatable levels by time:
     D:1: 1340 daAuts
     D:2: 835 daAuts
     D:3: 383 daAuts
